 Dungeon Crawl Stone Soup version 0.30-a0-800-g7c544603b3 (webtiles) character file.

Game seed: 17857036773270281626

344 retardedninja the Shield-Bearer (level 6, -1/53 HPs)
             Began as a Gnoll Fighter on Feb 22, 2023.
             Slain by Blork the orc
             ... wielding a +0 halberd of protection
              (10 damage)
             ... on level 4 of the Dungeon.
             The game lasted 00:03:33 (3057 turns).

retardedninja the Shield-Bearer (Gnoll Fighter)     Turns: 3057, Time: 00:03:33

Health: -1/53      AC: 11    Str: 17    XL:     6   Next: 58%
Magic:  9/9        EV:  7    Int:  8    God:
Gold:   168        SH:  5    Dex: 11    Spells: 9/9 levels left

rFire   . . .      SeeInvis .    a - +0 war axe
rCold   + + .      Faith    .    c - +0 buckler
rNeg    . . .      Spirit   .    d - +0 chain mail
rPois   .          Reflect  .    u - +0 helmet
rElec   .          Harm     .    (no cloak)
rCorr   .          Rampage  .    (no gloves)
Will    .....                    (no boots) Stlth
                                 (no amulet)
HPRegen 0.28/turn                w - ring of protection from cold
MPRegen 0.11/turn                p - ring of protection from cold

@: no status effects
A: fangs 1, strong nose, distributed training
a: no special abilities


You were on level 4 of the Dungeon.
You visited 1 branch of the dungeon, and saw 4 of its levels.

You collected 168 gold pieces.

Inventory:

Hand Weapons
 a - a +0 war axe (weapon)
Armour
 c - a +0 buckler (worn)
 d - a +0 chain mail (worn)
 u - a +0 helmet (worn)
Jewellery
 p - a ring of protection from cold (right hand)
 w - a ring of protection from cold (left hand)
Scrolls
 b - 3 scrolls of identify
 e - a scroll of magic mapping {unknown}
 i - 2 scrolls of torment {unknown}
 j - a scroll of noise {unknown}
 n - a scroll of enchant armour {unknown}
 o - a scroll of acquirement {unknown}
 q - a scroll of fog {unknown}
 r - a scroll of blinking {unknown}
 s - 2 scrolls of teleportation {unknown}
 t - a scroll of vulnerability {unknown}
 v - a scroll of silence {unknown}
Potions
 f - 2 potions of curing
 g - a potion of magic
 h - a potion of brilliance


   Skills:
 + Level 6.9 Fighting
 + Level 2.1 Short Blades
 + Level 2.1 Long Blades
 + Level 5.0 Axes
 + Level 2.1 Maces & Flails
 + Level 2.1 Polearms
 + Level 2.1 Staves
 + Level 2.1 Ranged Weapons
 + Level 2.1 Throwing
 + Level 6.9 Armour
 + Level 2.1 Dodging
 + Level 2.1 Stealth
 + Level 6.9 Shields
 + Level 2.1 Unarmed Combat
 + Level 2.1 Spellcasting
 + Level 1.6 Conjurations
 + Level 1.6 Hexes
 + Level 1.6 Summonings
 + Level 1.6 Necromancy
 + Level 1.6 Translocations
 + Level 1.6 Transmutations
 + Level 1.6 Fire Magic
 + Level 1.6 Ice Magic
 + Level 1.6 Air Magic
 + Level 1.6 Earth Magic
 + Level 1.6 Poison Magic
 + Level 2.3 Invocations
 + Level 2.1 Evocations


You had 9 spell levels left.
You didn't know any spells.
Your spell library contained the following spells:

 Spells                   Type           Power      Damage    Failure   Level
 Leda's Liquefaction      Hex/Erth       1%         N/A       100%        4
 Lee's Rapid Deconstruct  Erth           1%         3d4*      100%        5
 Statue Form              Tmut/Erth      2%         N/A       100%        6
 Malign Gateway           Summ/Tloc      1%         N/A       100%        7
 Summon Horrible Things   Summ           1%         N/A       100%        8


Dungeon Overview and Level Annotations

Branches:
Dungeon (4/15)
 Temple: D:4-7

Altars:
Hepliaklqana

Annotations:
D:4 Blork the orc


Innate Abilities, Weirdness & Mutations

You have very sharp teeth.
Your uncanny sense of smell can sniff out nearby items.
Your experience applies equally to all skills.


Message History

No target in view!
Blork the orc comes into view.
He is wielding a +0 halberd of protection and wearing a +2 robe of cold resistance.
Found 2 throwing nets.
Blork the orc shouts!
Blork the orc is nearby!
Blork the orc is nearby!
Blork the orc casts a spell at you. The puff of flame hits you.
Blork the orc points at you and mumbles some strange words.
The puff of frost hits you. You resist.
Blork the orc hits you with a +0 halberd of protection.
You hit Blork the orc but do no damage.
Blork the orc hits you with a +0 halberd of protection!
You hit Blork the orc but do no damage.
You bite Blork the orc, but do no damage.
Blork the orc hits you with a +0 halberd of protection!
Blork the orc hits you with a +0 halberd of protection.
You closely miss Blork the orc.
Blork the orc hits you with a +0 halberd of protection.
You feel better.
Blork the orc hits you with a +0 halberd of protection!
You are confused.
You feel invigorated.
Blork the orc hits you with a +0 halberd of protection!
You closely miss Blork the orc. Blork the orc barely misses you.
You hit Blork the orc but do no damage.
You feel less invigorated.
You feel less confused.
Blork the orc hits you with a +0 halberd of protection!
You hit Blork the orc.
Blork the orc is lightly wounded.
Blork the orc hits you with a +0 halberd of protection.
You block Blork the orc's attack.
You hit Blork the orc but do no damage.
Blork the orc is lightly wounded.
Blork the orc hits you with a +0 halberd of protection!
* * * LOW HITPOINT WARNING * * *
You closely miss Blork the orc. Your bite misses Blork the orc.
Blork the orc is lightly wounded.
Blork the orc hits you with a +0 halberd of protection!
You die...

.# #.#.##.#......#######.........
.###.#.##.#.##.#............<....
..........#.##.#.######....####.#
.###.#.##.............#.##.# #.#
.# ###.##.#.####.#.##.# #.#
........ #................# #.#
.###.#.. #.##.#.####.#.#### #.#
.. .. #.#.# #.#.# #.# .## # . #@#
#.#.# #.# .# .. #o# #.#.# #.# ##
.# #.# #.#.# .. #.( ..... ###
#.#.#


You could see Blork the orc.

Vanquished Creatures
  An ogre (D:3)
  A phantom (D:4)
  A jelly (D:4)
  Robin (D:2)
  6 adders
  3 worms
  3 dart slugs
  5 orcs (D:3)
  2 bats (D:1)
  7 endoplasms
  2 giant cockroaches
  8 hobgoblins
  2 quokkas
  4 ball pythons
  4 frilled lizards
  13 goblins
  7 kobolds
  5 rats
75 creatures vanquished.

Notes
Turn   | Place    | Note
-------+----------+-------------------------------------------
     0 | D:1      | retardedninja the Gnoll Fighter began the quest for the
                  | Orb.
     0 | D:1      | Reached XP level 1. HP: 23/23 MP: 1/1
   493 | D:1      | Reached XP level 2. HP: 25/29 MP: 2/2
   997 | D:2      | Reached XP level 3. HP: 24/35 MP: 2/4
  1106 | D:2      | Reached skill level 1 in Invocations
  1117 | D:2      | Reached skill level 1 in Short Blades
  1117 | D:2      | Reached skill level 1 in Long Blades
  1117 | D:2      | Reached skill level 1 in Maces & Flails
  1117 | D:2      | Reached skill level 1 in Polearms
  1117 | D:2      | Reached skill level 1 in Staves
  1117 | D:2      | Reached skill level 1 in Ranged Weapons
  1117 | D:2      | Reached skill level 1 in Throwing
  1117 | D:2      | Reached skill level 1 in Dodging
  1117 | D:2      | Reached skill level 1 in Stealth
  1117 | D:2      | Reached skill level 1 in Unarmed Combat
  1117 | D:2      | Reached skill level 1 in Spellcasting
  1117 | D:2      | Reached skill level 1 in Evocations
  1558 | D:2      | Reached XP level 4. HP: 41/41 MP: 5/5
  1796 | D:2      | Found a hazy altar of Hepliaklqana.
  1903 | D:2      | Noticed Robin
  1910 | D:2      | Killed Robin
  1913 | D:2      | Reached skill level 1 in Conjurations
  1913 | D:2      | Reached skill level 1 in Hexes
  1913 | D:2      | Reached skill level 1 in Summonings
  1913 | D:2      | Reached skill level 1 in Necromancy
  1913 | D:2      | Reached skill level 1 in Translocations
  1913 | D:2      | Reached skill level 1 in Transmutations
  1913 | D:2      | Reached skill level 1 in Fire Magic
  1913 | D:2      | Reached skill level 1 in Ice Magic
  1913 | D:2      | Reached skill level 1 in Air Magic
  1913 | D:2      | Reached skill level 1 in Earth Magic
  1913 | D:2      | Reached skill level 1 in Poison Magic
  2043 | D:3      | Reached XP level 5. HP: 47/47 MP: 7/7
  2150 | D:3      | Noticed an ogre
  2160 | D:3      | Killed an ogre
  2432 | D:3      | Reached XP level 6. HP: 50/53 MP: 8/8
  2863 | D:4      | Reached skill level 5 in Axes
  3043 | D:4      | Noticed Blork the orc
  3057 | D:4      | Slain by Blork the orc

Illustrated notes

Levels and vault maps discovered:
D:1:      lightli_iron_boxes, layout_loops_corners
D:2:      layout_basic, basic_altar, uniq_robin
D:3:      layout_basic, st_stairs_1, minmay_misc_feat_nine_boxes,
          reono_crystal_passage, minmay_surrounded
D:4:      layout_basic, uniq_blork_the_orc

Skill      XL: |  1  2  3  4  5  6 |
---------------+-------------------+-----
Invocations    | 1 2 |  2.3
Short Blades   | 1 2 |  2.1
Long Blades    | 1 2 |  2.1
Maces & Flails | 1 2 |  2.1
Polearms       | 1 2 |  2.1
Staves         | 1 2 |  2.1
Ranged Weapons | 1 2 |  2.1
Throwing       | 1 2 |  2.1
Dodging        | 1 2 |  2.1
Stealth        | 1 2 |  2.1
Unarmed Combat | 1 2 |  2.1
Spellcasting   | 1 2 |  2.1
Evocations     | 1 2 |  2.1
Conjurations   | 1 |  1.6
Hexes          | 1 |  1.6
Summonings     | 1 |  1.6
Necromancy     | 1 |  1.6
Translocations | 1 |  1.6
Transmutations | 1 |  1.6
Fire Magic     | 1 |  1.6
Ice Magic      | 1 |  1.6
Air Magic      | 1 |  1.6
Earth Magic    | 1 |  1.6
Poison Magic   | 1 |  1.6
Axes           | 5 |  5.0
Fighting       | |  6.9
Armour         | |  6.9
Shields        | |  6.9

Action                     |  1- 3 |  4- 6 || total
---------------------------+-------+-------++-------
  Melee: War axe           |    82 |   134 ||   216
         Bite              |     5 |    13 ||    18
    Use: Potion            |       |     4 ||     4
         Scroll            |       |     5 ||     5
 Armour: Scale mail        |    37 |    39 ||    76
         Chain mail        |       |    22 ||    22
  Dodge: Dodged            |    38 |    45 ||    83
  Block: Buckler           |    26 |    28 ||    54

Table legend: (Time is in decaauts)
 A = Elapsed time spent in this place.
 B = Non-inter-level travel time spent in this place.
 C = Inter-level travel time spent in this place.
 D = Time resting spent in this place.
 E = Time spent auto-exploring this place.
 F = Levels seen in this place.
 G = Mean time per level.
                   A        B        C        D        E       F      G
               +--------+--------+--------+--------+--------+-----+--------+
         Total |   3118 |   3063 |     55 |    247 |   2258 |   4 |  779.5 |
       Dungeon |   3118 |   3063 |     55 |    247 |   2258 |   4 |  779.5 |
               +--------+--------+--------+--------+--------+-----+--------+

Top non-repeatable levels by time:
     D:2: 1132 daAuts
     D:3: 890 daAuts
     D:1: 883 daAuts
     D:4: 212 daAuts
